 Dungeon Crawl Stone Soup version 0.31-a0-152-g6aa68a64a1 (webtiles) character file.

Game seed: 637871393771585654

178 qw the Shooter (level 5, -1/49 HPs)
             Began as a Naga Hunter on June 9, 2023.
             Slain by a gnoll
             ... wielding a +0 club
              (4 damage)
             ... on level 4 of the Dungeon.
             The game lasted 00:00:56 (2768 turns).

qw the Shooter (Naga Hunter)                        Turns: 2768, Time: 00:00:57

Health: -1/49      AC:  4    Str: 13    XL:     5   Next: 58%
Magic:  5/5        EV:  9    Int:  9    God:
Gold:   160        SH:  0    Dex: 17    Spells: 4/4 levels left

rFire   . . .        Y - +0 shortbow
rCold   . . .        (shield currently unavailable)
rNeg    . . .        c - +0 leather armour
rPois   +            (no helmet)
rElec   .            (no cloak)
rCorr   .            i - +0 pair of gloves
SInv    +            (no barding)
Will    .....        (no amulet)
Stlth   ++           (no ring)
HPRegen 0.28/turn    (no ring)
MPRegen 0.09/turn

%: no passive effects
@: about to teleport, very slow
A: AC +1, large, see invisible, deformed body, poison resistance, slowness 2,
spit poison 1, naga tail 1
a: Spit Poison


You were on level 4 of the Dungeon.
You visited 1 branch of the dungeon, and saw 4 of its levels.

You collected 160 gold pieces.


Innate Abilities, Weirdness & Mutations

Your serpentine skin is tough. (AC +1)
You have supernaturally acute eyesight. (SInv)
Armour fits poorly on your strangely shaped body.
Your system is resistant to poisons. (rPois)
You cover ground very slowly.
You can spit poison.
You have a snake-like lower body.


   Skills:
 - Level 3.0 Fighting
 + Level 5.6 Ranged Weapons
 - Level 1.5 Dodging
 - Level 1.5 Stealth


You had 4 spell levels left.
You didn't know any spells.
Your spell library was empty.

Inventory:

Hand Weapons
 Y - a +0 shortbow (weapon)
Armour
 c - a +0 leather armour (worn)
 i - a +0 pair of gloves (worn)
Scrolls
 a - 3 scrolls of teleportation
 b - 2 scrolls of identify
 d - a scroll of poison {unknown}
Potions
 e - a potion of attraction {unknown}
 f - 3 potions of lignification {unknown}
 g - a potion of degeneration {unknown}
 h - 2 potions of curing
 j - a potion of might {unknown}
 k - a potion of heal wounds {unknown}

Dungeon Overview and Level Annotations

Branches:
Dungeon (4/15)
 Temple: D:4-7

Altars:
Cheibriados
Elyvilon
Trog


Message History

You shoot an arrow.
The arrow hits the gnoll but does no damage.
The gnoll is moderately wounded.
The gnoll hits you but does no damage.
You shoot an arrow. The arrow hits the gnoll!
You kill the gnoll!
You have got your breath back.
The gnoll hits you from afar with a +0 halberd!
The gnoll barely misses you.
2761 ||| INVOKING Spit Poison.
Aiming: Spit Poison (1% risk of failure)
Press: ? - help, Shift-Dir - straight line, f - gnoll The splash of poison hits the gnoll.
The gnoll is moderately wounded.
The gnoll barely misses you. The gnoll hits you with a +0 club!
You shoot an arrow.
The arrow hits the gnoll but does no damage.
The gnoll is moderately wounded.
The gnoll barely misses you. The gnoll hits you with a +0 club.
You shoot an arrow. The arrow hits the gnoll.
The gnoll is severely wounded.
The gnoll throws a throwing net.
The throwing net hits you.
You become entangled in the net!
The gnoll hits you with a +0 club.
You struggle against the net.
The gnoll hits you from afar with a +0 halberd!
The gnoll hits you with a +0 club.
You struggle against the net.
The gnoll hits you from afar with a +0 halberd.
The gnoll barely misses you.
2766 ||| READING 4 scrolls of teleportation.
As you read the scroll of teleportation, it crumbles to dust.
You feel strangely unstable.
You have got your breath back.
The gnoll hits you but does no damage. The gnoll hits you with a +0 club.
You struggle against the net.
The gnoll barely misses you. The gnoll hits you with a +0 club.
You rip the net and break free!
The gnoll hits you from afar with a +0 halberd.
The gnoll hits you with a +0 club.
You die...

#......##
#.......##
#....##..##
########..### ..#
#....## ##..
#.....### ###..#
#.......## #.#..#
#........### .#..#
#.....@.#..###...#
#.....)g##...#..#
#....).g####....#
#....%... ###..#
#......... ##.##
#.......... #..#
#........... ##.##
#............
##.## ##.##


You could see 2 gnolls.

Vanquished Creatures
  An iguana (D:2)
  2 gnolls (D:4)
  5 adders
  2 worms
  3 dart slugs
  2 orcs (D:3)
  5 bats
  5 endoplasms
  3 giant cockroaches (D:2)
  6 goblins
  6 hobgoblins
  9 jackals
  3 quokkas
  6 ball pythons
  3 frilled lizards
  6 kobolds
  4 rats (D:2)
71 creatures vanquished.

Notes
Turn   | Place    | Note
-------+----------+-------------------------------------------
     0 | D:1      | qw the Naga Hunter began the quest for the Orb.
     0 | D:1      | Reached XP level 1. HP: 19/19 MP: 1/1
     0 | D:1      | 0 ||| qw: Version: 0.2-a-122-gbc61b45
     0 | D:1      | 0 ||| qw: Game counter: 3482
     0 | D:1      | 0 ||| qw: Always use a shield: true
     0 | D:1      | 0 ||| qw: God list: Okawaru
     0 | D:1      | 0 ||| qw: Allow faded altars: false
     0 | D:1      | 0 ||| qw: Do Orc after D:15 true
     0 | D:1      | 0 ||| qw: Do second Lair branch before Depths: true
     0 | D:1      | 0 ||| qw: Lair rune preference: random
     0 | D:1      | 0 ||| qw: Plans: Normal
     0 | D:1      | 0 ||| PLANNING D:1-11
    76 | D:1      | 76 ||| INVOKING Spit Poison.
   127 | D:1      | 127 ||| INVOKING Spit Poison.
   213 | D:1      | 213 ||| INVOKING Spit Poison.
   320 | D:1      | 320 ||| INVOKING Spit Poison.
   325 | D:1      | Reached skill level 4 in Ranged Weapons
   325 | D:1      | Reached XP level 2. HP: 23/26 MP: 2/2
   325 | D:1      | 325 ||| INVOKING Spit Poison.
   338 | D:1      | 338 ||| INVOKING Spit Poison.
   341 | D:1      | 341 ||| INVOKING Spit Poison.
   345 | D:1      | 345 ||| INVOKING Spit Poison.
   428 | D:1      | 428 ||| INVOKING Spit Poison.
   446 | D:1      | 446 ||| INVOKING Spit Poison.
   673 | D:1      | 673 ||| INVOKING Spit Poison.
   698 | D:1      | 698 ||| READING scroll labelled XOKERA ACAUG.
   699 | D:1      | 699 ||| READING scroll labelled OGACSAI ZAAFU.
   700 | D:1      | 700 ||| DRINKING 2 blue potions.
   701 | D:1      | 701 ||| DROPPING scroll of butterflies.
   702 | D:1      | 702 ||| DROPPING potion of brilliance.
   708 | D:2      | 708 ||| INVOKING Spit Poison.
   711 | D:2      | 711 ||| INVOKING Spit Poison.
   712 | D:2      | Reached XP level 3. HP: 32/32 MP: 3/3
   720 | D:2      | 720 ||| INVOKING Spit Poison.
   730 | D:2      | 730 ||| INVOKING Spit Poison.
   734 | D:2      | 734 ||| INVOKING Spit Poison.
   760 | D:2      | 760 ||| INVOKING Spit Poison.
   763 | D:2      | 763 ||| INVOKING Spit Poison.
   804 | D:2      | 804 ||| INVOKING Spit Poison.
   870 | D:2      | 870 ||| INVOKING Spit Poison.
   875 | D:2      | 875 ||| INVOKING Spit Poison.
   885 | D:2      | 885 ||| INVOKING Spit Poison.
   893 | D:2      | Reached skill level 5 in Ranged Weapons
   893 | D:2      | Reached XP level 4. HP: 39/39 MP: 4/4
   952 | D:2      | 952 ||| INVOKING Spit Poison.
   957 | D:2      | 957 ||| INVOKING Spit Poison.
   960 | D:2      | 960 ||| INVOKING Spit Poison.
  1148 | D:2      | 1148 ||| INVOKING Spit Poison.
  1192 | D:2      | 1192 ||| INVOKING Spit Poison.
  1223 | D:2      | 1223 ||| INVOKING Spit Poison.
  1226 | D:2      | 1226 ||| INVOKING Spit Poison.
  1276 | D:2      | 1276 ||| INVOKING Spit Poison.
  1436 | D:2      | 1436 ||| UPGRADING to +0 pair of gloves.
  1441 | D:2      | 1441 ||| READING scroll labelled WEOMOPOTURR.
  1446 | D:2      | 1446 ||| READING scroll labelled HAFEEM KIHUPH.
  1534 | D:3      | 1534 ||| INVOKING Spit Poison.
  1545 | D:3      | 1545 ||| INVOKING Spit Poison.
  1547 | D:3      | Reached skill level 3 in Fighting
  1593 | D:3      | 1593 ||| INVOKING Spit Poison.
  1597 | D:3      | 1597 ||| INVOKING Spit Poison.
  1676 | D:3      | Found a bloodstained altar of Trog.
  1676 | D:3      | Found a snail-covered altar of Cheibriados.
  1678 | D:3      | 1678 ||| INVOKING Spit Poison.
  1690 | D:3      | 1690 ||| INVOKING Spit Poison.
  1698 | D:3      | 1698 ||| INVOKING Spit Poison.
  1782 | D:3      | Found a white marble altar of Elyvilon.
  1855 | D:3      | 1855 ||| READING scroll labelled RUAMILYSUS.
  1856 | D:3      | 1856 ||| READING 2 scrolls of identify.
  1856 | D:3      | 1856 ||| IDENTIFYING golden potion
  1857 | D:3      | 1857 ||| DROPPING potion of invisibility.
  1933 | D:3      | 1933 ||| INVOKING Spit Poison.
  1974 | D:3      | 1974 ||| INVOKING Spit Poison.
  2016 | D:3      | 2016 ||| INVOKING Spit Poison.
  2018 | D:3      | Reached XP level 5. HP: 49/49 MP: 5/5
  2184 | D:3      | 2184 ||| INVOKING Spit Poison.
  2264 | D:3      | 2264 ||| INVOKING Spit Poison.
  2309 | D:3      | 2309 ||| INVOKING Spit Poison.
  2379 | D:3      | 2379 ||| READING scroll labelled ERAYME TAPHE.
  2380 | D:3      | 2380 ||| DRINKING 3 bubbling inky potions.
  2456 | D:4      | 2456 ||| INVOKING Spit Poison.
  2479 | D:4      | 2479 ||| INVOKING Spit Poison.
  2494 | D:4      | 2494 ||| INVOKING Spit Poison.
  2497 | D:4      | 2497 ||| INVOKING Spit Poison.
  2503 | D:4      | 2503 ||| INVOKING Spit Poison.
  2654 | D:4      | 2654 ||| INVOKING Spit Poison.
  2748 | D:4      | 2748 ||| INVOKING Spit Poison.
  2751 | D:4      | 2751 ||| INVOKING Spit Poison.
  2755 | D:4      | 2755 ||| INVOKING Spit Poison.
  2761 | D:4      | 2761 ||| INVOKING Spit Poison.
  2765 | D:4      | HP: 11/49 [gnoll/+0 halberd (4)]
  2766 | D:4      | 2766 ||| READING 4 scrolls of teleportation.
  2767 | D:4      | HP: 5/49 [gnoll/+0 club (4)]
  2768 | D:4      | Slain by a gnoll

Levels and vault maps discovered:
D:1:      zelgadis_glass_arrival_small, layout_basic
D:2:      layout_loops_cross, serial_rivers, chequers_serial_rivers_micro_c,
          chequers_serial_rivers_small_a, chequers_serial_rivers_small_a,
          chequers_serial_rivers_small_a, kennysheep_cross_room
D:3:      kb_forest_paths, layout_basic,
          chequers_temple_overflow_statue_of_worship,
          mainiacjoe_overflow_alcove_4, minivault_24
D:4:      layout_cave_pods

Skill      XL: |  1  2  3  4 |
---------------+-------------+-----
Ranged Weapons | 4 5 |  5.6
Fighting       | 3 |  3.0
Dodging        | |  1.5
Stealth        | |  1.5

Action                     |  1- 3 |  4- 6 || total
---------------------------+-------+-------++-------
   Fire: Shortbow          |    48 |    79 ||   127
Ability: Spit Poison       |    22 |    31 ||    53
    Use: Scroll            |     2 |     6 ||     8
         Potion            |     1 |     1 ||     2
 Armour: Leather armour    |     5 |     8 ||    13
  Dodge: Dodged            |     7 |    16 ||    23

Table legend:
 A = Non-vault XP
 B = Vault XP
 C = Vault XP percentage of total XP
 D = Non-vault monster count
 E = Vault monster count
 F = Vault count percentage of total count
                 A         B        C        D         E       F
            +---------+---------+-------+---------+---------+-------
      Total |     232 |      23 |   9.0 |      65 |       6 |   8.5
            +---------+---------+-------+---------+---------+-------
        D:1 |      31 |       0 |   0.0 |      16 |       0 |   0.0
        D:2 |     100 |       0 |   0.0 |      24 |       0 |   0.0
        D:3 |      28 |      23 |  45.1 |      12 |       6 |  33.3
        D:4 |      73 |       0 |   0.0 |      13 |       0 |   0.0
            +---------+---------+-------+---------+---------+-------
